 Dungeon Sprint DCSS version 0.28-a0-79-g444c7a33f5 (webtiles) character file.

Game seed: 14474638353401618482

824 Zeldest the Martial Artist (level 7, -6/54 HPs)
             Began as a Demonspawn Transmuter on Aug 2, 2021.
             Was a Priest of Cheibriados.
             Mangled by a seven-headed hydra (10 damage)
             ... in the Dungeon (Sprint IX: "|||||||||||||||||||||||||||||").
             The game lasted 00:02:24 (381 turns).

Zeldest the Martial Artist (Demonspawn Transmuter)   Turns: 381, Time: 00:02:24

Health: -6/54      AC: 10    Str: 20    XL:     7   Next: 64%
Magic:  8/10       EV: 10    Int: 24    God:    Cheibriados [***...]
Gold:   0          SH:  8    Dex: 23    Spells: 7/10 levels left

rFire   . . .      SeeInvis .     - Unarmed
rCold   . . .      Faith    .   (no shield)
rNeg    . . .      Spirit   .   k - +1 chain mail
rPois   .          Reflect  .   (helmet currently unavailable)
rElec   .          Harm     .   (no cloak)
rCorr   .          Rampage  .   (no gloves)
Will    .....      NoTele   +   (boots currently unavailable)
Stlth   ..........              (no amulet)
HPRegen 0.18/turn               l - +3 ring of intelligence
MPRegen 0.24/turn               m - +3 ring of dexterity

@: appendages, wereblooded, very slightly contaminated, invisible, very slow
A: horns 2, talons 2, claws 2, large bone plates 1, magic regeneration,
condensation shield
a: End Transformation, Renounce Religion, Bend Time, Temporal Distortion


You were in the Dungeon.
You worshipped Cheibriados.
Cheibriados was most pleased with you.
You had temporarily grown beastly horns and talons.
You visited 1 branch

Inventory:

Armour
 a - a +0 robe
 i - a +0 helmet (melded)
 j - a +0 pair of boots (melded)
 k - a +1 chain mail (worn)
Jewellery
 l - a +3 ring of intelligence (left claw)
 m - a +3 ring of dexterity (right claw)
Wands
 h - a wand of acid (5)
Scrolls
 f - 2 scrolls of amnesia
Potions
 b - 5 potions of curing
 c - a potion of heal wounds
 e - 4 potions of magic


   Skills:
 + Level 4.0 Fighting
 + Level 3.5 Armour
 + Level 4.1 Dodging
 + Level 12.3 Unarmed Combat
 - Level 2.0 Spellcasting
 + Level 4.0 Transmutations
 + Level 5.3 Invocations
 + Level 4.0 Evocations


You had 7 spell levels left.
You knew the following spells:

 Your Spells              Type           Power      Damage    Failure   Level
a - Beastly Appendage     Tmut           42%        N/A       24%         1
b - Wereblood             Tmut           21%        N/A       34%         2

Your spell library contained the following spells:

 Spells                   Type           Power      Damage    Failure   Level
 Spider Form              Tmut/Pois      6%         N/A       85%         3
 Ice Form                 Ice/Tmut       12%        N/A       99%         4


Dungeon Overview and Level Annotations

Branches:
Dungeon (1/1)

Altars:
Cheibriados
Dithmenos
Elyvilon
Fedhas
Gozag
Hepliaklqana
Kikubaaqudgha
Makhleb
Nemelex Xobeh
Okawaru
Qazlal
Ru
Sif Muna
Trog
Uskayaw
Vehumet
Wu Jian
Xom
Yredelemnul
Zin
The Shining One
Beogh
Jiyva
Lugonu


Innate Abilities, Weirdness & Mutations

You have temporarily grown beastly horns and talons.
You have very sharp fingernails.
You are partially covered in large bone plates. (SH +4)
You regenerate magic rapidly.
A meltable shield of frost defends you. (SH +4)


Message History

The acid corrodes the seven-headed hydra!
The seven-headed hydra is moderately wounded.
The bolt of acid misses the deep elf pyromancer.
The bolt of acid misses the efreet.
The bolt of acid hits the wraith!
The wraith is splashed with acid.
The acid corrodes the wraith!
The wraith is heavily damaged.
The slime creature quivers.
The seven-headed hydra barely misses you.
The seven-headed hydra bites you! x3
The seven-headed hydra bites you but does no damage.
You block the seven-headed hydra's attack.
The seven-headed hydra barely misses you.
Aiming: Corrosive Bolt
Press: ? - help, Shift-Dir - straight line, f/p - seven-headed hydra
Aim: a seven-headed hydra (moderately wounded, covered in acid, 91% to hit)
The bolt of acid hits the seven-headed hydra!
The seven-headed hydra is splashed with acid!
The seven-headed hydra seems to be corroded for longer.
The seven-headed hydra is heavily wounded.
The bolt of acid hits the deep elf pyromancer!
The deep elf pyromancer is splashed with acid.
The acid corrodes the deep elf pyromancer!
The deep elf pyromancer is heavily wounded.
The bolt of acid hits the efreet!
The efreet is splashed with acid.
The acid corrodes the efreet!
The efreet is moderately wounded.
The bolt of acid hits the wraith!
The wraith is splashed with acid.
The wraith seems to be corroded for longer.
You destroy the wraith!
Cheibriados appreciates the change of pace.
Cheibriados raises the support of your attributes as your movement slows.
The slime creature quivers.
The seven-headed hydra misses you. The seven-headed hydra bites you!
* * * LOW HITPOINT WARNING * * *
The seven-headed hydra bites you!
* * * LOW HITPOINT WARNING * * *
The seven-headed hydra closely misses you.
The seven-headed hydra bites you but does no damage.
The seven-headed hydra bites you!
You die...

▓.▓
▓.▓
▓)▓
▓.▓
▓.▓
▓)▓
▓.▓
▓.▓
▓@▓
▓D▓
▓e▓
▓R▓
▓○▓
▓.▓
▓J▓
▓c▓


You could see a seven-headed hydra (corroded), a slime creature (wandering), a
centaur warrior, a deep elf pyromancer (corroded) and an efreet (wandering,
corroded).

Vanquished Creatures
  A wraith (D)
  A shadow (D)
  An acid dragon (D)
  2 orc warriors (D)
  2 sky beasts (D)
  An ogre (D)
  A centaur (D)
  A hound (D)
  An orc (D)
  An endoplasm (D)
  A goblin (D)
  A hobgoblin (D)
  2 frilled lizards (D)
  A giant cockroach zombie (D)
17 creatures vanquished.

Notes
Turn   | Place    | Note
-------+----------+-------------------------------------------
     0 | D        | Zeldest the Demonspawn Transmuter began the quest for the
                  | Orb.
     0 | D        | Reached XP level 1. HP: 15/15 MP: 3/3
     8 | D        | Reached skill level 3 in Unarmed Combat
    12 | D        | Reached skill level 4 in Unarmed Combat
    23 | D        | Noticed an ogre
    23 | D        | Noticed a sky beast
    23 | D        | Noticed a sky beast
    23 | D        | Noticed a hound
    27 | D        | Killed an ogre
    28 | D        | Reached skill level 8 in Unarmed Combat
    28 | D        | Gained mutation: You have sharp fingernails. [demonic
                  | ancestry]
    28 | D        | Reached XP level 2. HP: 21/21 MP: 3/5
    28 | D        | Gained mutation: You have very sharp fingernails. [demonic
                  | ancestry]
    28 | D        | Reached XP level 3. HP: 26/26 MP: 3/6
    28 | D        | Reached XP level 4. HP: 32/32 MP: 3/7
    29 | D        | Killed a sky beast
    30 | D        | Reached skill level 10 in Unarmed Combat
    30 | D        | Gained mutation: You regenerate magic rapidly. [demonic
                  | ancestry]
    30 | D        | Reached XP level 5. HP: 37/37 MP: 3/8
    33 | D        | Killed a sky beast
    34 | D        | Reached skill level 11 in Unarmed Combat
    34 | D        | Gained mutation: You are partially covered in large bone
                  | plates. (SH +4) [demonic ancestry]
    34 | D        | Reached XP level 6. HP: 38/43 MP: 4/9
    41 | D        | Found a snail-covered altar of Cheibriados.
    41 | D        | Found a shadowy altar of Dithmenos.
    41 | D        | Found a blossoming altar of Fedhas.
    41 | D        | Found an opulent altar of Gozag.
    42 | D        | Found a hazy altar of Hepliaklqana.
    43 | D        | Found a viscous altar of Jiyva.
    44 | D        | Found an ancient bone altar of Kikubaaqudgha.
    45 | D        | Became a worshipper of Cheibriados the Contemplative
    49 | D        | Learned a level 2 spell: Wereblood
    49 | D        | Found a corrupted altar of Lugonu.
    50 | D        | Found a burning altar of Makhleb.
    51 | D        | Found a sparkling altar of Nemelex Xobeh.
    52 | D        | Found an iron altar of Okawaru.
    53 | D        | Found a stormy altar of Qazlal.
    54 | D        | Found a sacrificial altar of Ru.
    55 | D        | Found a shimmering blue altar of Sif Muna.
    56 | D        | Found a bloodstained altar of Trog.
    57 | D        | Found a hide-covered altar of Uskayaw.
    58 | D        | Found a radiant altar of Vehumet.
    59 | D        | Found an ornate altar of the Wu Jian Council.
    60 | D        | Found a shimmering altar of Xom.
    61 | D        | Found a basalt altar of Yredelemnul.
   109 | D        | Noticed an acid dragon
   109 | D        | Noticed a shadow
   109 | D        | Noticed an orc warrior
   109 | D        | Noticed an orc warrior
   113 | D        | Killed a shadow
   113 | D        | Reached * piety under Cheibriados
   114 | D        | Reached skill level 12 in Unarmed Combat
   114 | D        | Gained mutation: A meltable shield of frost defends you.
                  | (SH +4) [demonic ancestry]
   114 | D        | Reached XP level 7. HP: 33/51 MP: 8/10
   114 | D        | Reached ** piety under Cheibriados
   370 | D        | Reached *** piety under Cheibriados
   371 | D        | Reached skill level 5 in Invocations
   379 | D        | Noticed a seven-headed hydra
   379 | D        | Noticed a deep elf pyromancer
   379 | D        | Noticed an efreet
   379 | D        | Noticed a wraith
   379 | D        | Noticed a slime creature
   379 | D        | Noticed a centaur warrior
   381 | D        | Killed a wraith
   381 | D        | Mangled by a seven-headed hydra

Illustrated notes

Levels and vault maps discovered:
D:        linesprint [early_d, line_temple, items_1, d_10, items_2, lair_1,
          lair_end, items_3, orc_1, orc_end, items_4, d_15, swamp_1, shoals_1,
          snake_1, spider_1, d_20, vaults_1, items_5, swamp_end, shoals_end,
          snake_end, spider_end, vaults_end, d_27, items_6, zot_1, zot_end,
          crypt_end, forest_end, elf_end, slime_end, tomb_end, abyss_end,
          pan_hell_end]

Skill      XL: |  1  2  3  4  5  6  7 |
---------------+----------------------+-----
Unarmed Combat | 8 10 11 12 | 12.3
Fighting       | 2 4 |  4.0
Armour         | 2 3 |  3.5
Dodging        | 3 4 |  4.1
Transmutations | 3 4 |  4.0
Invocations    | 3 5 |  5.3
Evocations     | 2 4 |  4.0
Spellcasting   | |  2.0

Action                   |  1- 3 |  4- 6 |  7- 9 || total
-------------------------+-------+-------+-------++-------
Melee: Unarmed           |    12 |     9 |     7 ||    28
       Kick              |     2 |     4 |       ||     6
       Headbutt          |     2 |     2 |       ||     4
 Cast: Beastly Appendage |     2 |       |     1 ||     3
       Wereblood         |       |       |     1 ||     1
Evoke: Wand              |       |     2 |     3 ||     5
  Use: Potion            |     2 |       |     3 ||     5
       Scroll            |       |       |     2 ||     2
 Stab: Invisible         |       |       |     2 ||     2
Armor: Robe              |     1 |       |       ||     1
       Chain mail        |       |     1 |     6 ||     7
Dodge: Dodged            |     2 |     2 |     7 ||    11
Block: Other             |       |       |     4 ||     4

Table legend: (Time is in decaauts)
 A = Elapsed time spent in this place.
 B = Non-inter-level travel time spent in this place.
 C = Inter-level travel time spent in this place.
 D = Time resting spent in this place.
 E = Time spent auto-exploring this place.
 F = Levels seen in this place.
 G = Mean time per level.
                   A        B        C        D        E       F      G
               +--------+--------+--------+--------+--------+-----+--------+
         Total |    395 |    395 |      0 |    229 |      0 |   1 |  395.0 |
       Dungeon |    395 |    395 |      0 |    229 |      0 |   1 |  395.0 |
               +--------+--------+--------+--------+--------+-----+--------+

Top non-repeatable levels by time:
       D: 395 daAuts
